NCAA
WAKE FOREST DEMON DEACONS @ CLEMSON TIGERS
05/22/2028
 
TOP OF THE 1ST
Wake Forest Demon Deacons batting - Pitching for Clemson Tigers : RHP Emílio Torres
Pitching: RHP Emílio Torres
Batting: RHB Terry Griffin 0-0: Ball
1-0: Ball
2-0: Ball
3-0: Base on Balls
Batting: SHB José Salazar 0-0: Ball
Terry Griffin steals 2nd base
1-0: Ball
2-0: Ball
3-0: Base on Balls
Batting: LHB Dax Valdéz 0-0: Foul Ball, location: 2F
0-1: Ball
1-1: Foul Ball, location: 2F
1-2: Ball
2-2: Foul Ball, location: 2F
2-2: SINGLE (Groundball, 6MD)
Terry Griffin to third
José Salazar to second
Batting: RHB Jack Hogan 0-0: Called Strike
0-1: Called Strike
0-2: Ball
1-2: Ball
2-2: DOUBLE (Flyball, 7)
Terry Griffin scores
José Salazar scores
Dax Valdéz to third
Batting: RHB William Allen 0-0: Ball
1-0: Called Strike
1-1: Ball
2-1: Called Strike
2-2: Foul Ball, location: 2F
2-2: Foul Ball, location: 2F
2-2: Ball
3-2: DOUBLE (Line Drive, 7LM)
Dax Valdéz scores
Jack Hogan scores
Batting: LHB Gregory Pérez 0-0: Ball
1-0: Fly out, F7 (Line Drive, 7)
Batting: RHB Felipe Costa 0-0: Ball
1-0: Ball
2-0: Foul Ball, location: 2F
2-1: Foul Ball, location: 2F
2-2: Strikes out swinging
Batting: RHB Tim Guerrero 0-0: Ball
1-0: Foul Ball, location: 2F
1-1: Ball
2-1: Ball
3-1: SINGLE (Flyball, 78S)
William Allen to third
Runner from 3rd tries for Home, throw and OUT!
Top of the 1st over - 4 run(s), 4 hit(s), 0 error(s), 1 left on base; Wake Forest 4 - Clemson 0
BOTTOM OF THE 1ST
Clemson Tigers batting - Pitching for Wake Forest Demon Deacons : RHP Lloyd Jones
Pitching: RHP Lloyd Jones
Batting: LHB Bob Huerta 0-0: Ball
1-0: SINGLE (Groundball, 56D)
Batting: RHB Gilbert Chapman 0-0: SINGLE (Line Drive, 8RS)
Bob Huerta to second
Batting: LHB Wilson Turner 0-0: Foul Ball, location: 2F
0-1: Called Strike
0-2: Foul Ball, location: 2F
0-2: Ball
1-2: Foul Ball, location: 2F
1-2: Ball
Wild Pitch!
Bob Huerta to third
Gilbert Chapman to second
2-2: Foul Ball, location: 2F
2-2: Ball
3-2: Foul Ball, location: 2F
3-2: Ground out 4-3 (Groundball, 4)
Bob Huerta scores
Gilbert Chapman to third
Batting: LHB Pedro Robolledo 0-0: Swinging Strike
0-1: Called Strike
0-2: Ball
1-2: Ball
2-2: Strikes out swinging
Batting: SHB Ken Hall 0-0: Ball
1-0: Foul Ball, location: 2F
1-1: 2-RUN HOME RUN (Flyball, 9LD), Distance : 336 ft
Batting: RHB Tom Harris 0-0: Swinging Strike
0-1: Ball
1-1: Ball
2-1: Ball
3-1: Foul Ball, location: 2F
3-2: Base on Balls
Batting: SHB Jesse Brown 0-0: Ball
1-0: Swinging Strike
1-1: Ball
2-1: Called Strike
2-2: Ball
3-2: Strikes out swinging
Bottom of the 1st over - 3 run(s), 3 hit(s), 0 error(s), 1 left on base; Wake Forest 4 - Clemson 3
TOP OF THE 2ND
Wake Forest Demon Deacons batting - Pitching for Clemson Tigers : RHP Emílio Torres
Batting: RHB Tyler Robinson 0-0: Ball
1-0: Ball
2-0: Called Strike
2-1: Foul Ball, location: 2F
2-2: Reached on error, E3 (Groundball, 34)
Batting: RHB Terry Griffin 0-0: Called Strike
0-1: Ball
1-1: Called Strike
1-2: Ball
2-2: Hit by Pitch
Batting: SHB José Salazar 0-0: SINGLE (Groundball, 5D)
Tyler Robinson to third
Terry Griffin to second
Runner from 3rd tries for Home, SAFE, no throw
Batting: LHB Dax Valdéz 0-0: Ball
1-0: Ball
2-0: Foul Ball, location: 2F
2-1: Ground out U3 (Groundball, 34S)
Terry Griffin to third
José Salazar to second
Batting: RHB Jack Hogan 0-0: Ball
1-0: Hit by Pitch
Batting: RHB William Allen 0-0: Fly out, F8 (Flyball, 8LS)
Batting: LHB Gregory Pérez 0-0: Ground out 5-3 (Groundball, 56S)
Top of the 2nd over - 1 run(s), 1 hit(s), 1 error(s), 3 left on base; Wake Forest 5 - Clemson 3
BOTTOM OF THE 2ND
Clemson Tigers batting - Pitching for Wake Forest Demon Deacons : RHP Lloyd Jones
Batting: RHB Henry Gregory 0-0: Ball
1-0: Ground out 5-3 (Groundball, 5L)
Batting: RHB Jimmy Bryan 0-0: Swinging Strike
0-1: Ball
1-1: Foul Ball, location: 2F
1-2: Ground out 5-3 (Groundball, 5)
Batting: LHB Bob Huerta 0-0: Called Strike
0-1: Ball
1-1: Swinging Strike
1-2: Ball
2-2: Strikes out swinging
Bottom of the 2nd over - 0 run(s), 0 hit(s), 0 error(s), 0 left on base; Wake Forest 5 - Clemson 3
TOP OF THE 3RD
Wake Forest Demon Deacons batting - Pitching for Clemson Tigers : RHP Emílio Torres
Batting: RHB Felipe Costa 0-0: Swinging Strike
0-1: SINGLE (Groundball, 4D)
Batting: RHB Tim Guerrero 0-0: Ball
1-0: SINGLE (Groundball, 6MD)
Felipe Costa to second
Batting: RHB Tyler Robinson 0-0: Ball
1-0: Called Strike
1-1: Fly out, F8 (Flyball, 8LS)
Batting: RHB Terry Griffin 0-0: Called Strike
0-1: Swinging Strike
0-2: Ball
1-2: Ball
2-2: Ball
3-2: Strikes out swinging
Batting: SHB José Salazar 0-0: Called Strike
0-1: Ball
1-1: Foul Ball, location: 2F
1-2: Ground out 1-3 (Groundball, P)
Top of the 3rd over - 0 run(s), 2 hit(s), 0 error(s), 2 left on base; Wake Forest 5 - Clemson 3
BOTTOM OF THE 3RD
Clemson Tigers batting - Pitching for Wake Forest Demon Deacons : RHP Lloyd Jones
Batting: RHB Gilbert Chapman 0-0: Called Strike
0-1: Swinging Strike
0-2: Ball
1-2: Foul Ball, location: 2F
1-2: Foul Ball, location: 2F
1-2: Foul Ball, location: 2F
1-2: Ball
2-2: Foul Ball, location: 2F
2-2: Ball
3-2: Base on Balls
Batting: LHB Wilson Turner 0-0: Ball
1-0: Swinging Strike
1-1: Foul Ball, location: 2F
1-2: Ball
2-2: Fly out, F8 (Flyball, 8LS)
Batting: LHB Pedro Robolledo 0-0: Called Strike
0-1: Ball
1-1: 2-RUN HOME RUN (Flyball, 9D), Distance : 345 ft
Batting: SHB Ken Hall 0-0: Ball
1-0: SOLO HOME RUN (Flyball, 78XD), Distance : 383 ft
Pitching: LHP John McKellar
Batting: RHB Tom Harris 0-0: Called Strike
0-1: Swinging Strike
0-2: Ball
1-2: Strikes out swinging
Batting: SHB Jesse Brown 0-0: Ball
1-0: Ball
2-0: Ground out 6-3 (Groundball, 6)
Bottom of the 3rd over - 3 run(s), 2 hit(s), 0 error(s), 0 left on base; Wake Forest 5 - Clemson 6
TOP OF THE 4TH
Wake Forest Demon Deacons batting - Pitching for Clemson Tigers : RHP Emílio Torres
Batting: LHB Dax Valdéz 0-0: Foul Ball, location: 2F
0-1: Ball
1-1: Ball
2-1: Ball
3-1: Base on Balls
Pitching: RHP José Sánchez
Batting: RHB Jack Hogan 0-0: Grounds into double play, 6-4-3 (Groundball, 6)
Batting: RHB William Allen 0-0: Called Strike
0-1: Ball
1-1: Foul Ball, location: 2F
1-2: Foul Ball, location: 2F
1-2: DOUBLE (Line Drive, 7LM)
Batting: LHB Gregory Pérez 0-0: Called Strike
0-1: Ball
1-1: Swinging Strike
1-2: Ball
2-2: SINGLE (Groundball, 6) (infield hit)
William Allen to third
Batting: RHB Felipe Costa 0-0: Ball
1-0: Called Strike
1-1: Ball
2-1: Foul Ball, location: 2F
2-2: Foul Ball, location: 2F
2-2: Foul Ball, location: 2F
2-2: Ball
3-2: Base on Balls
Gregory Pérez to second
Batting: RHB Tim Guerrero 0-0: Called Strike
0-1: Foul Ball, location: 2F
0-2: Foul Ball, location: 2F
0-2: Ball
1-2: Fielders Choice at 2nd, 6-4 (Groundball, 6)
Top of the 4th over - 0 run(s), 2 hit(s), 0 error(s), 2 left on base; Wake Forest 5 - Clemson 6
BOTTOM OF THE 4TH
Clemson Tigers batting - Pitching for Wake Forest Demon Deacons : LHP John McKellar
Batting: RHB Henry Gregory 0-0: Ball
1-0: Called Strike
1-1: Fly out, F9 (Flyball, 9S)
Batting: RHB Jimmy Bryan 0-0: Foul Ball, location: 2F
0-1: SINGLE (Groundball, 4MD)
Batting: LHB Bob Huerta 0-0: Called Strike
0-1: Foul Ball, location: 2F
0-2: Ball
1-2: Strikes out swinging
Batting: RHB Gilbert Chapman 0-0: Ball
1-0: Fly out, F5 (Popup, 56)
Bottom of the 4th over - 0 run(s), 1 hit(s), 0 error(s), 1 left on base; Wake Forest 5 - Clemson 6
TOP OF THE 5TH
Wake Forest Demon Deacons batting - Pitching for Clemson Tigers : RHP José Sánchez
Batting: RHB Tyler Robinson 0-0: Ball
1-0: Ball
2-0: Called Strike
2-1: Fly out, F7 (Flyball, 78M)
Batting: RHB Terry Griffin 0-0: Ball
1-0: Ball
2-0: Ball
3-0: Base on Balls
Batting: SHB José Salazar 0-0: Called Strike
0-1: Ball
1-1: Ball
2-1: Ball
3-1: Swinging Strike
3-2: Strikes out swinging
Terry Griffin is caught stealing 2nd base
Batter strikes out.
Top of the 5th over - 0 run(s), 0 hit(s), 0 error(s), 0 left on base; Wake Forest 5 - Clemson 6
BOTTOM OF THE 5TH
Clemson Tigers batting - Pitching for Wake Forest Demon Deacons : LHP John McKellar
Batting: LHB Wilson Turner 0-0: Ground out 3-1 (Groundball, 34)
Batting: LHB Pedro Robolledo 0-0: Swinging Strike
0-1: Ball
1-1: Fly out, F9 (Line Drive, 9)
Batting: SHB Ken Hall 0-0: Ball
1-0: Called Strike
1-1: Ball
2-1: Ball
3-1: Foul Ball, location: 2F
3-2: Foul Ball, location: 2F
3-2: Base on Balls
Batting: RHB Tom Harris 0-0: Ball
Ken Hall is caught stealing 2nd base
Bottom of the 5th over - 0 run(s), 0 hit(s), 0 error(s), 0 left on base; Wake Forest 5 - Clemson 6
TOP OF THE 6TH
Wake Forest Demon Deacons batting - Pitching for Clemson Tigers : RHP José Sánchez
Batting: LHB Dax Valdéz 0-0: Foul Ball, location: 2F
0-1: Called Strike
0-2: Ball
1-2: Ball
2-2: Ball
3-2: Foul Ball, location: 2F
3-2: Strikes out swinging
Batting: RHB Jack Hogan 0-0: Called Strike
0-1: Ball
1-1: Ball
2-1: Called Strike
2-2: Fly out, F9 (Line Drive, 9)
Pitching: RHP Rick Halterman
Batting: RHB William Allen 0-0: Ball
1-0: Ball
2-0: Called Strike
2-1: Foul Ball, location: 2F
2-2: Ball
3-2: Foul Ball, location: 2F
3-2: Base on Balls
Batting: LHB Gregory Pérez 0-0: Ball
1-0: Called Strike
1-1: Foul Ball, location: 2F
1-2: Ball
2-2: Strikes out swinging
Top of the 6th over - 0 run(s), 0 hit(s), 0 error(s), 1 left on base; Wake Forest 5 - Clemson 6
BOTTOM OF THE 6TH
Clemson Tigers batting - Pitching for Wake Forest Demon Deacons : LHP John McKellar
Batting: RHB Tom Harris 0-0: Ground out 5-3 (Groundball, 56)
Batting: SHB Jesse Brown 0-0: Ball
1-0: Reached on error, E5 (Groundball, 56)
Batting: RHB Henry Gregory 0-0: Ball
1-0: Swinging Strike
1-1: Ball
2-1: Ball
3-1: Base on Balls
Batting: RHB Jimmy Bryan 0-0: Ball
1-0: Swinging Strike
1-1: Swinging Strike
1-2: Ball
2-2: Strikes out looking
Batting: LHB Bob Huerta 0-0: Ball
1-0: Ball
2-0: Called Strike
2-1: Called Strike
2-2: Foul Ball, location: 2F
2-2: Foul Ball, location: 2F
2-2: Foul Ball, location: 2F
2-2: Foul Ball, location: 2F
2-2: Hit by Pitch
Jesse Brown to third
Henry Gregory to second
Batting: RHB Gilbert Chapman 0-0: Called Strike
0-1: Ball
1-1: Foul Ball, location: 2F
1-2: Ball
2-2: Foul Ball, location: 2F
2-2: Foul Ball, location: 2F
2-2: Ball
3-2: Base on Balls
Jesse Brown scores
Henry Gregory to third
Bob Huerta to second
Pitching: RHP Eldon Kerr
Batting: LHB Wilson Turner 0-0: Ball
1-0: Called Strike
1-1: Ball
Wild Pitch!
Henry Gregory scores
Bob Huerta to third
Gilbert Chapman to second
2-1: Fly out, F7 (Flyball, 7LMF)
Bottom of the 6th over - 2 run(s), 0 hit(s), 1 error(s), 2 left on base; Wake Forest 5 - Clemson 8
TOP OF THE 7TH
Wake Forest Demon Deacons batting - Pitching for Clemson Tigers : RHP Rick Halterman
Batting: RHB Felipe Costa 0-0: Ball
1-0: SINGLE (Groundball, 34S) (infield hit)
Batting: RHB Tim Guerrero 0-0: Ball
1-0: SINGLE (Flyball, 9LS)
Felipe Costa to second
Throwing error, E9
Felipe Costa scores
Tim Guerrero to second
Batting: RHB Tyler Robinson 0-0: Ball
1-0: Ball
2-0: SINGLE (Groundball, 25) (infield hit)
Tim Guerrero to third
Batting: RHB Terry Griffin 0-0: Ball
1-0: Ball
2-0: DOUBLE (Line Drive, 7LM)
Tim Guerrero scores
Tyler Robinson to third
Batting: SHB José Salazar 0-0: Ball
1-0: Foul Ball, location: 2F
1-1: Foul Ball, location: 2F
1-2: Ball
2-2: Foul Ball, location: 2F
2-2: Ball
3-2: Base on Balls
Batting: LHB Dax Valdéz 0-0: Fly out, F9 (Flyball, 9LM)
Runner from 3rd tags up, SCORES, no throw
Pitching: RHP Nacho Ortíz
Batting: RHB Jack Hogan 0-0: Foul Ball, location: 2F
0-1: Ball
1-1: Foul Ball, location: 2F
1-2: Ball
2-2: Ball
3-2: Base on Balls
Terry Griffin to third
José Salazar to second
Batting: RHB William Allen 0-0: Ball
1-0: Ball
2-0: Ball
3-0: Base on Balls
Terry Griffin scores
José Salazar to third
Jack Hogan to second
Batting: LHB Gregory Pérez 0-0: Ball
1-0: Ball
2-0: Swinging Strike
2-1: Ball
3-1: Grounds into fielders choice 6-2 (Groundball, 6)
Jack Hogan to third
William Allen to second
Batting: RHB Felipe Costa 0-0: Ball
1-0: Foul Ball, location: 2F
1-1: Foul Ball, location: 2F
1-2: Foul Ball, location: 2F
1-2: GRAND SLAM HOME RUN (Flyball, 7LD), Distance : 326 ft
Batting: RHB Tim Guerrero 0-0: Ball
1-0: DOUBLE (Flyball, 89M)
Pitching: RHP Tim Whitacre
Batting: RHB Tyler Robinson 0-0: Called Strike
0-1: Foul Ball, location: 2F
0-2: Ball
1-2: Foul Ball, location: 2F
1-2: Ground out U3 (Groundball, 3)
Top of the 7th over - 8 run(s), 6 hit(s), 1 error(s), 1 left on base; Wake Forest 13 - Clemson 8
BOTTOM OF THE 7TH
Clemson Tigers batting - Pitching for Wake Forest Demon Deacons : RHP Eldon Kerr
Batting: LHB Pedro Robolledo 0-0: Ball
1-0: DOUBLE (Line Drive, 9LM)
Batting: SHB Ken Hall 0-0: Swinging Strike
0-1: Ball
1-1: Swinging Strike
1-2: Foul Ball, location: 2F
1-2: Ball
2-2: Ball
3-2: Base on Balls
Batting: RHB Tom Harris 0-0: Called Strike
0-1: Ball
1-1: Ball
2-1: Ball
3-1: Base on Balls
Pedro Robolledo to third
Ken Hall to second
Batting: SHB Jesse Brown 0-0: Ball
1-0: Ball
2-0: Foul Ball, location: 2F
2-1: Ball
3-1: Swinging Strike
3-2: DOUBLE (Line Drive, 9LM)
Pedro Robolledo scores
Ken Hall scores
Tom Harris to third
Pitching: RHP Mark Schroder
Batting: RHB Henry Gregory 0-0: Ball
1-0: Swinging Strike
1-1: Foul Ball, location: 2F
1-2: Ball
2-2: Ball
3-2: Base on Balls
Batting: RHB Jimmy Bryan 0-0: Foul Ball, location: 2F
0-1: Called Strike
0-2: Ball
1-2: Fly out, F8 (Flyball, 8LM)
Runner from 3rd tags up, SCORES, throw made
Batting: LHB Bob Huerta 0-0: Ball
1-0: Swinging Strike
1-1: Foul Ball, location: 2F
1-2: Strikes out looking
Batting: RHB Gilbert Chapman 0-0: Ball
1-0: Fly out, F8 (Flyball, 8RM)
Bottom of the 7th over - 3 run(s), 2 hit(s), 0 error(s), 2 left on base; Wake Forest 13 - Clemson 11
TOP OF THE 8TH
Wake Forest Demon Deacons batting - Pitching for Clemson Tigers : RHP Tim Whitacre
Batting: RHB Terry Griffin 0-0: Foul Ball, location: 2F
0-1: Swinging Strike
0-2: Ball
1-2: Foul Ball, location: 2F
1-2: Foul Ball, location: 2F
1-2: Foul Ball, location: 2F
1-2: Ball
2-2: Strikes out swinging
Batting: SHB José Salazar 0-0: SINGLE (Groundball, 4MD)
Batting: LHB Dax Valdéz 0-0: Called Strike
0-1: Swinging Strike
0-2: Ball
1-2: Strikes out swinging
Batting: RHB Jack Hogan 0-0: Called Strike
0-1: Called Strike
0-2: Ball
1-2: Foul Ball, location: 2F
1-2: Strikes out swinging
Top of the 8th over - 0 run(s), 1 hit(s), 0 error(s), 1 left on base; Wake Forest 13 - Clemson 11
BOTTOM OF THE 8TH
Clemson Tigers batting - Pitching for Wake Forest Demon Deacons : RHP Mark Schroder
Batting: LHB Wilson Turner 0-0: Ball
1-0: Ball
2-0: Ball
3-0: Swinging Strike
3-1: Called Strike
3-2: Foul Ball, location: 2F
3-2: Foul Ball, location: 2F
3-2: Strikes out swinging
Batting: LHB Pedro Robolledo 0-0: Ball
1-0: Ball
2-0: Called Strike
2-1: Ball
3-1: Foul Ball, location: 2F
3-2: Base on Balls
Pitching: LHP Wes Eldridge
Batting: SHB Ken Hall 0-0: Ball
1-0: Ball
2-0: Ball
3-0: Base on Balls
Pedro Robolledo to second
Pitching: RHP Carl Morris
Batting: RHB Tom Harris 0-0: Called Strike
0-1: Ball
1-1: Called Strike
1-2: Ball
2-2: Ball
3-2: Strikes out swinging
Pitching: LHP Mike Hill
Batting: SHB Jesse Brown 0-0: Called Strike
0-1: Foul Ball, location: 2F
0-2: Ball
1-2: Ball
2-2: Foul Ball, location: 2F
2-2: Ball
3-2: Base on Balls
Pedro Robolledo to third
Ken Hall to second
Pitching: RHP Gunner Clark
Batting: RHB Henry Gregory 0-0: Called Strike
0-1: Ball
1-1: Swinging Strike
1-2: Strikes out swinging
Bottom of the 8th over - 0 run(s), 0 hit(s), 0 error(s), 3 left on base; Wake Forest 13 - Clemson 11
TOP OF THE 9TH
Wake Forest Demon Deacons batting - Pitching for Clemson Tigers : RHP Tim Whitacre
Pitching: RHP Bob Jordan
Batting: RHB William Allen 0-0: Foul Ball, location: 2F
0-1: Ball
1-1: Swinging Strike
1-2: Foul Ball, location: 2F
1-2: Ball
2-2: Ball
3-2: Foul Ball, location: 2F
3-2: Base on Balls
Batting: LHB Gregory Pérez 0-0: Sac Bunt - play at first, batter OUT! 5-3
William Allen to second
Batting: RHB Felipe Costa 0-0: Called Strike
0-1: Foul Ball, location: 2F
0-2: Ball
1-2: Ball
2-2: Ball
3-2: Foul Ball, location: 2F
3-2: Base on Balls
Pinch Hitting: SHB Elvis Gonzáles 0-0: Foul Ball, location: 2F
0-1: Foul Ball, location: 2F
0-2: Ball
1-2: Foul Ball, location: 2F
1-2: DOUBLE (Groundball, 3L)
William Allen scores
Felipe Costa to third
Runner from 3rd tries for Home, SAFE, no throw
Batting: RHB Tyler Robinson 0-0: Ball
1-0: Swinging Strike
1-1: Called Strike
1-2: Ball
2-2: Ball
3-2: Foul Ball, location: 2F
3-2: Strikes out swinging
Batting: RHB Terry Griffin 0-0: Swinging Strike
0-1: Called Strike
0-2: Ball
1-2: Ball
2-2: Ball
3-2: Strikes out swinging
Top of the 9th over - 2 run(s), 1 hit(s), 0 error(s), 1 left on base; Wake Forest 15 - Clemson 11
BOTTOM OF THE 9TH
Clemson Tigers batting - Pitching for Wake Forest Demon Deacons : RHP Gunner Clark
Now at SS: Daniel Dillard
Batting: RHB Jimmy Bryan 0-0: Ball
1-0: Swinging Strike
1-1: Fly out, F8 (Flyball, 89S)
Batting: LHB Bob Huerta 0-0: SINGLE (Flyball, 89S)
Batting: RHB Gilbert Chapman 0-0: Ball
1-0: Foul Ball, location: 2F
1-1: Ball
2-1: Foul Ball, location: 2F
2-2: Strikes out swinging
Batting: LHB Wilson Turner 0-0: Ball
1-0: Ball
2-0: Ball
3-0: Called Strike
3-1: Ground out 4-3 (Groundball, 34)
Bottom of the 9th over - 0 run(s), 1 hit(s), 0 error(s), 1 left on base; Wake Forest 15 - Clemson 11
Tuesday, August 8th, 2017 - OOTP Baseball 17.12 Build 75